Map: 캑터스 밸리 - 래더 (공허)

Players

herO

  • Race: Protoss Protoss
  • Spawn Location: 1:00

ByuN - Winner!

  • Race: Terran Terran
  • Spawn Location: 11:00

Event: IEM XI Katowice - World Championship 2017

VOD

Have the link to the VOD?

Description

Time

  • Played on: March 2, 2017, 7:02 a.m.
  • Length: 16:33

All games in this series

Show
View Real Time Build Order
Export as new Build Order

herO Protoss 

Build Orders: Oracle Opening 

Get SALT Encoding   

  12  0:00  Probe (Chrono Boost)  
  13  0:12  Pylon  
  13  0:17  Probe (Chrono Boost)  
  14  0:27  Probe (Chrono Boost)  
  15  0:33  Gateway  
  15  0:38  Probe (Chrono Boost)  
  16  0:44  Assimilator  
  16  0:48  Probe (Chrono Boost)  
  17  0:53  Assimilator  
  17  0:59  Probe (Chrono Boost)  
  18  1:10  Probe (Chrono Boost)  
  19  1:20  Zealot, Cybernetics Core, Probe (Chrono Boost)  
  22  1:32  Probe (Chrono Boost)  
  23  1:36  Pylon  
  23  1:53  Adept  
  23  1:56  Stargate  
  25  2:06  Mothership Core (Chrono Boost)  
  27  2:11  Pylon  
  27  2:18  Adept  
  29  2:26  Probe (Chrono Boost)  
  29  2:35  Oracle  
  30  2:38  Probe (Chrono Boost)  
  33  2:50  Probe (Chrono Boost)  
  34  3:00  Pylon  
  34  3:02  Probe (Chrono Boost)  
  35  3:06  Oracle  
  35  3:12  Pylon  
  38  3:17  Warp Gate  
  38  3:36  Pylon, Void Ray  
  40  3:56  Gateway  
  40  3:57  Gateway  
  40  4:00  Probe (Chrono Boost)  
  39  4:12  Probe (Chrono Boost)  
  40  4:19  Void Ray  
  44  4:30  Probe (Chrono Boost)  
  45  4:36  Pylon  
  45  4:59  Void Ray  
  49  5:08  Pylon  
  49  5:20  Stalker x2  
  49  5:21  Stalker  
  52  5:45  Stalker x3  
  33  6:30  Stalker  
  33  6:31  Stalker  
  30  7:01  Probe (Chrono Boost)  
  31  7:05  Stalker  
  32  7:16  Probe (Chrono Boost)  
  32  7:21  Stalker  
  34  7:28  Probe (Chrono Boost)  
  35  7:30  Stalker  
  37  7:40  Probe (Chrono Boost)  
  38  7:51  Probe (Chrono Boost)  
  39  7:58  Adept x3  
  45  8:09  Pylon  
  45  8:21  Oracle  
  48  8:40  Probe (Chrono Boost)  
  46  8:44  Nexus  
  46  8:52  Probe (Chrono Boost)  
  47  9:02  Probe (Chrono Boost)  
  48  9:11  Twilight Council  
  48  9:13  Probe (Chrono Boost)  
  49  9:19  Adept  
  49  9:20  Adept  
  53  9:26  Pylon  
  53  9:34  Adept  
  53  9:40  Adept  
  52  9:54  Resonating Glaives  
  50  10:20  Adept  
  52  10:26  Adept  
  54  10:32  Adept  
  56  10:51  Adept x2  
  56  10:52  Adept  
  62  11:14  Adept x3  
  69  11:19  Probe (Chrono Boost)  
  69  11:21  Probe (Chrono Boost)  
  45  11:52  Adept, Probe x2 (Chrono Boost)  
  45  11:53  Adept x2  
  45  12:04  Probe x2 (Chrono Boost)  
  41  12:13  Dark Shrine  
  43  12:15  Assimilator  
  43  12:16  Assimilator, Probe x2 (Chrono Boost)  
  43  12:25  Adept  
  43  12:26  Adept x2  
  50  12:30  Probe (Chrono Boost)  
  50  12:33  Probe (Chrono Boost)  
  51  12:37  Gateway  
  51  12:43  Gateway  
  51  12:50  Probe (Chrono Boost)  
  52  12:53  Adept x2  
  52  12:55  Adept  
  58  13:02  Pylon  
  58  13:20  Nexus  
  50  13:39  Stalker x3  
  52  13:44  Oracle  
  52  13:48  Probe (Chrono Boost)  
  50  14:11  Adept  
  50  14:12  Adept x3  
  57  14:19  Adept  
  61  14:39  Adept x2  
  61  14:40  Adept  
  61  14:43  Adept  
  38  15:15  Adept x5  
  49  15:29  Probe (Chrono Boost)  
  49  15:37  Adept x3, Sentry  
  49  15:41  Probe (Chrono Boost)  
  50  15:50  Adept  
  50  15:53  Probe (Chrono Boost)  
  50  15:56  Adept x3  
  57  16:00  Adept  
  59  16:15  Stalker x3  
  62  16:22  Adept x2  
Show
View Real Time Build Order
Export as new Build Order

ByuN Terran - Winner!

Build Orders: Cyclone Opening, Reaper Expand 

Get SALT Encoding   

  12  0:00  SCV  
  13  0:12  SCV  
  14  0:17  Supply Depot  
  14  0:25  SCV  
  14  0:27  Refinery  
  15  0:39  SCV  
  16  0:44  Barracks  
  16  0:51  SCV  
  17  1:03  SCV  
  18  1:15  SCV  
  19  1:31  Reaper, Orbital Command  
  20  1:42  Command Center  
  20  1:53  Factory  
  20  1:57  SCV  
  21  2:02  Refinery  
  21  2:05  Barracks Reactor  
  21  2:09  SCV  
  21  2:14  Supply Depot  
  22  2:21  SCV  
  23  2:35  SCV  
  24  2:38  Cyclone  
  24  2:42  Marine, Supply Depot  
  24  2:43  Marine  
  29  2:48  SCV  
  30  2:58  Starport  
  30  2:59  Marine  
  30  3:03  Marine  
  32  3:07  SCV  
  33  3:13  Cyclone  
  33  3:16  Supply Depot  
  33  3:19  Marine  
  37  3:21  SCV  
  33  3:37  SCV  
  33  3:39  Medivac  
  37  3:50  SCV  
  37  3:52  Widow Mine  
  32  4:02  Marine, SCV  
  31  4:14  SCV  
  32  4:26  SCV  
  32  4:30  Widow Mine  
  32  4:31  Barracks Reactor  
  34  4:34  Supply Depot  
  34  4:38  SCV  
  35  4:42  Viking  
  37  4:50  SCV  
  38  5:02  SCV, Cyclone  
  42  5:08  Marine  
  42  5:09  Marine  
  42  5:12  Supply Depot  
  44  5:14  SCV  
  44  5:17  Viking  
  47  5:34  Marine x2  
  49  5:36  Factory Tech Lab  
  49  5:40  Supply Depot  
  49  5:48  Viking  
  51  5:51  Marine x2  
  51  5:56  Bunker  
  53  5:57  SCV  
  53  6:01  Siege Tank  
  55  6:10  Marine x2  
  36  6:28  Marine  
  36  6:40  SCV  
  37  6:47  Marine  
  37  6:48  Marine  
  39  6:55  SCV  
  40  7:01  Siege Tank  
  40  7:07  SCV  
  44  7:08  Marine  
  44  7:10  Marine  
  46  7:19  SCV  
  44  7:29  Medivac  
  47  7:31  SCV  
  47  7:34  Marine x2  
  49  7:42  Siege Tank  
  49  7:43  SCV  
  53  7:47  Supply Depot  
  48  7:55  Marine, SCV  
  48  7:57  Marine  
  51  8:07  Viking  
  53  8:18  Marine x2  
  53  8:19  Siege Tank  
  58  8:28  SCV  
  59  8:41  Viking  
  59  8:43  SCV  
  59  8:47  Engineering Bay  
  60  8:50  Marine x2  
  62  9:04  Cyclone  
  62  9:08  Marine x2  
  67  9:18  Medivac  
  67  9:23  Supply Depot  
  69  9:37  Marine x2  
  70  9:54  Marine  
  70  9:55  Marine  
  70  9:56  Command Center  
  72  10:03  SCV  
  73  10:15  Starport Tech Lab, SCV  
  74  10:27  Marine x2  
  74  10:28  SCV  
  77  10:30  Barracks  
  77  10:45  Raven  
  77  10:47  SCV  
  80  11:03  Marine  
  80  11:04  Siege Tank  
  84  11:06  Marine  
  85  11:24  Barracks Tech Lab  
  85  11:41  Marine x2  
  60  11:54  Marine  
  60  11:59  Marine x2, SCV  
  58  12:06  Banshee  
  59  12:12  Siege Tank  
  59  12:15  Marine  
  63  12:22  Orbital Command  
  63  12:27  Stimpack  
  63  12:30  SCV  
  63  12:32  Marine  
  63  12:35  Marine  
  63  12:36  Marine  
  68  12:47  Siege Tank  
  70  12:54  Banshee  
  70  12:55  Marine x2  
  70  12:57  Marine  
  78  13:13  Marine x2  
  78  13:14  Terran Infantry Weapons Level 1  
  78  13:15  Marine  
  78  13:19  Siege Tank  
  82  13:30  Marine  
  75  13:35  Marine x2  
  76  13:46  SCV  
  76  13:47  SCV  
  78  13:48  Marine  
  78  13:52  Marine x2  
  78  13:53  Refinery  
  78  13:54  Starport Reactor  
  81  13:59  SCV x2  
  81  14:06  Marine  
  81  14:08  Siege Tank  
  85  14:10  Marine x2, Barracks  
  87  14:19  SCV x2  
  87  14:20  Missile Turret  
  86  14:24  Marine  
  86  14:28  Marine x2  
  89  14:39  SCV x2, Refinery  
  89  14:42  Marine  
  92  14:46  Marine  
  91  14:57  Marine  
  88  15:00  Marine  
  88  15:04  Marine  
  88  15:08  Marauder  
  88  15:13  Medivac x2  
  93  15:15  Marauder  
  93  15:17  Marine  
  96  15:24  Orbital Command  
  96  15:33  Marine, Marauder  
  96  15:35  Marine  
  99  15:37  Marauder  
  98  15:52  Marine  
  98  15:53  Marine  
  98  15:54  Widow Mine  
  102  16:01  Marauder x2, SCV  
  102  16:03  Missile Turret  
  110  16:22  Supply Depot  
  110  16:23  Supply Depot  

Tags
 
Add a new tag
Caveats
  • Supply blocks, unpowered buildings, or Contaminate may cause inaccurate times.
  • Supply counts are checked every 10 seconds.